 Dungeon Crawl Stone Soup version 0.31.0-11-ge490571c62 (webtiles) character file.

Game seed: 17578640785100785961

88 qw the Shooter (level 4, -1/25 HPs)
             Began as a Deep Elf Hunter on Feb 4, 2024.
             Slain by an orc priest
             ... wielding a +0 hand axe
              (3 damage)
             ... on level 3 of the Dungeon.
             The game lasted 00:00:06 (1530 turns).

qw the Shooter (Deep Elf Hunter)                    Turns: 1530, Time: 00:00:06

Health: -1/25      AC:  4    Str: 10    XL:     4   Next: 29%
Magic:  6/6        EV: 12    Int: 14    God:
Gold:   84         SH:  0    Dex: 18    Spells: 3/3 levels left

rFire   . . .        a - +0 shortbow
rCold   . . .        (shield currently unavailable)
rNeg    . . .        c - +0 leather armour
rPois   .            f - +0 helmet
rElec   .            (no cloak)
rCorr   .            (no gloves)
SInv    .            (no boots)
Will    .....        (no amulet)
Stlth   ++           (no ring)
HPRegen 0.24/turn    (no ring)
MPRegen 0.10/turn

%: no passive effects
@: about to teleport
A: no striking features
a: no special abilities


You were on level 3 of the Dungeon.
You visited 1 branch of the dungeon, and saw 3 of its levels.

You collected 84 gold pieces.


   Skills:
 - Level 1.5 Fighting
 + Level 7.7 Ranged Weapons
 - Level 2.4 Dodging
 - Level 1.2 Stealth


You had 3 spell levels left.
You didn't know any spells.
Your spell library was empty.

Inventory:

Hand Weapons
 a - a +0 shortbow (weapon)
Armour
 c - a +0 leather armour (worn)
 f - a +0 helmet (worn)
Scrolls
 b - 2 scrolls of identify
 e - a scroll of teleportation
Potions
 d - a potion of curing

Dungeon Overview and Level Annotations

Branches:
Dungeon (3/15)

Altars:


Message History

The orc wizard moves out of view.
You shoot an arrow. The arrow barely misses the orc.
The orc priest shouts!
The arrow hits the orc priest but does no damage.
A ball python comes into view.
You shoot an arrow. The ball python hisses angrily.
The arrow hits the ball python.
You kill the ball python!
You shoot an arrow. The arrow hits the orc.
The orc is severely wounded.
An orc wizard comes into view. It is wielding a +0 dagger.
Enter note:
Enter note:
Enter note:
Enter note:
1523 ||| RETREEEEATING.
You shoot an arrow. The arrow hits the orc.
You kill the orc!
You shoot an arrow. The arrow hits the orc!
You kill the orc!
The orc wizard gestures at you while chanting.
The puff of flame hits you!
You shoot an arrow. The arrow barely misses the orc priest.
You shoot an arrow.
The arrow closely misses the orc priest.
You shoot an arrow.
The arrow hits the orc priest but does no damage.
The orc priest mumbles some strange prayers to Beogh against you.
Beogh smites you!
Ouch! That really hurt!
1529 ||| READING 2 scrolls of teleportation.
As you read the scroll of teleportation, it crumbles to dust.
You feel strangely unstable.
The orc priest hits you with a +0 hand axe.
You shoot an arrow. The arrow hits the orc priest.
The orc priest is moderately wounded.
The orc wizard hits you but does no damage.
The orc priest hits you with a +0 hand axe.
You die...

###...#.####.#..
###.....#.#...
###.##.#....
##'###.....
##...#####.# # ##
##.....## #.# #<#.##
##.......###.#
#...o####.........##..
#..)o@..'.........'...
#....####.........##..
#.#.## ##.......###.#
#.#%# ##.....## #.# ..
## ##...## #.# #.
##'## #.. o #.# ### #
#


You could see an orc priest and an orc wizard.

Vanquished Creatures
  3 adders
  A dart slug (D:1)
  A ribbon worm (D:2)
  3 orcs (D:3)
  2 ball pythons (D:3)
  6 endoplasms
  3 goblins
  3 hobgoblins
  4 jackals (D:3)
  7 kobolds
  A quokka (D:2)
  8 bats
  3 frilled lizards
  4 rats
49 creatures vanquished.

Notes
Turn   | Place    | Note
-------+----------+-------------------------------------------
     0 | D:1      | qw the Deep Elf Hunter began the quest for the Orb.
     0 | D:1      | Reached XP level 1. HP: 12/12 MP: 3/3
     0 | D:1      | 0 ||| qw: Version: 0.3-a-160-g6735b56
     0 | D:1      | 0 ||| qw: Game counter: 4597
     0 | D:1      | 0 ||| qw: Melee chars always use a shield: true
     0 | D:1      | 0 ||| qw: God list: Okawaru
     0 | D:1      | 0 ||| qw: Allow faded altars: false
     0 | D:1      | 0 ||| qw: Do Orc after clearing Dungeon:15 true
     0 | D:1      | 0 ||| qw: Do second Lair branch before Depths: true
     0 | D:1      | 0 ||| qw: Lair rune preference: random
     0 | D:1      | 0 ||| qw: Goals: Normal
     0 | D:1      | 0 ||| PLANNING D:1-11
    48 | D:1      | 48 ||| DROPPING scroll of butterflies.
    64 | D:1      | Reached skill level 6 in Ranged Weapons
    64 | D:1      | Reached XP level 2. HP: 16/16 MP: 4/4
   482 | D:1      | 482 ||| READING 2 scrolls labelled VIOPPUBRINN.
   482 | D:1      | 482 ||| IDENTIFYING red potion
   483 | D:1      | 483 ||| READING scroll of identify.
   483 | D:1      | 483 ||| IDENTIFYING scroll labelled OVAODGHI DATUN
   484 | D:1      | 484 ||| READING scroll labelled OTESIA BEZI.
   515 | D:1      | 515 ||| DROPPING scroll of blinking.
   660 | D:2      | Reached XP level 3. HP: 17/20 MP: 5/5
   855 | D:2      | Reached skill level 7 in Ranged Weapons
  1241 | D:2      | 1241 ||| UPGRADING to +0 helmet.
  1246 | D:2      | 1246 ||| READING 3 scrolls of identify.
  1246 | D:2      | 1246 ||| IDENTIFYING scroll labelled NEIBYD KEEZXUSH
  1336 | D:3      | Reached XP level 4. HP: 20/25 MP: 6/6
  1523 | D:3      | 1523 ||| RETREEEEATING.
  1528 | D:3      | HP: 4/25 [orc priest/divine providence (13)]
  1529 | D:3      | 1529 ||| READING 2 scrolls of teleportation.
  1530 | D:3      | Slain by an orc priest

Levels and vault maps discovered:
D:1:      giann_bridges, layout_loops_cross, serial_glass, glass_columns_b,
          glass_columns_b, item_on_display_a, feat_on_display,
          due_unseen_surprise
D:2:      layout_loops_ring
D:3:      wad_pebble_path, layout_loops_corners

Skill      XL: |  1  2  3 |
---------------+----------+-----
Ranged Weapons | 6 7 |  7.7
Fighting       | |  1.5
Dodging        | |  2.4
Stealth        | |  1.2

Action                     |  1- 3 |  4- 6 || total
---------------------------+-------+-------++-------
   Fire: Shortbow          |   107 |    35 ||   142
    Use: Scroll            |     4 |     1 ||     5
 Armour: Leather armour    |     7 |    11 ||    18
  Dodge: Dodged            |    23 |     5 ||    28

Table legend:
 A = Non-vault XP
 B = Vault XP
 C = Vault XP percentage of total XP
 D = Non-vault monster count
 E = Vault monster count
 F = Vault count percentage of total count
                 A         B        C        D         E       F
            +---------+---------+-------+---------+---------+-------
      Total |     126 |       0 |   0.0 |      49 |       0 |   0.0
            +---------+---------+-------+---------+---------+-------
        D:1 |      29 |       0 |   0.0 |      18 |       0 |   0.0
        D:2 |      53 |       0 |   0.0 |      15 |       0 |   0.0
        D:3 |      44 |       0 |   0.0 |      16 |       0 |   0.0
            +---------+---------+-------+---------+---------+-------
